 Dungeon Sprint DCSS version 0.21.1-1-g345015f (webtiles) character file.

0 diana the Slasher (level 2, -13/23 HPs)
             Began as a Demonspawn Gladiator on July 25, 2018.
             Mangled by an ogre
             ... wielding a +0 giant spiked club
              (24 damage)
             ... in the Dungeon (Sprint VI: "Thunderdome").
             The game lasted 00:02:00 (103 turns).

diana the Slasher (Demonspawn Gladiator)             Turns: 103, Time: 00:02:01

Health: -13/23     AC:  4    Str: 18    XL:     2   Next: 82%
Magic:  1/2        EV: 14    Int:  9    God:
Gold:   65         SH:  0    Dex: 20    Spells: 1/1 levels left

rFire    x . .     SeeInvis .   a - +0 long sword
rCold    + + +     Gourm    .   (no shield)
rNeg     + . .     Faith    .   b - +0 leather armour
rPois    .         Spirit   .   c - +0 helmet
rElec    .         Reflect  .   (no cloak)
rCorr    .         Harm     +   (no gloves)
MR       .....     NoTele   +   (no boots)
Stlth    ++........             e - amulet of Mataenky {Harm *Drain rC++ Dex+4}
HPRegen  0.07/turn              p - ring "Wifacy" {Ice Str+4 Dex+2}
MPRegen  0.08/turn              q - ring of the Dragon {+Fly rN+}

@: flying
A: spiny 1
a: Stop Flying


You were in the Dungeon.
You were not hungry.

You visited 1 branch You collected 200 gold pieces.
You spent 135 gold pieces at shops.

Inventory:

Hand Weapons
 a - a +0 long sword (weapon)
Missiles
 d - 3 throwing nets (quivered)
Armour
 b - a +0 leather armour (worn)
 c - a +0 helmet (worn)
Jewellery
 e - the amulet of Mataenky (around neck) {Harm *Drain rC++ Dex+4}
   (You bought it in a shop in the Dungeon)

   [amulet of harm]

   It increases damage dealt and taken.
   It affects your dexterity (+4).
   It greatly protects you from cold.
   It causes draining when unequipped.
 p - the ring "Wifacy" (left hand) {Ice Str+4 Dex+2}
   (You bought it in a shop in the Dungeon)

   [ring of ice]

   It enhances your ice magic.
   It affects your strength (+4).
   It affects your dexterity (+2).
   It makes you vulnerable to fire.
   It protects you from cold.
 q - the ring of the Dragon (right hand) {+Fly rN+}
   (You bought it in a shop in the Dungeon)

   [ring of flight]

   It protects you from negative energy.
   It lets you fly.
Wands
 l - a wand of acid (5)
 m - a wand of iceblast (5)
Scrolls
 k - 4 scrolls of blinking
 n - 3 scrolls of fog
Potions
 g - 4 potions of heal wounds
 h - 4 potions of haste
 i - 2 potions of magic
 j - a potion of berserk rage
 o - a potion of resistance
Comestibles
 f - a ration


   Skills:
 + Level 2.6 Fighting
 + Level 4.4 Long Blades
 + Level 2.3 Throwing
 + Level 0.4 Armour
 + Level 4.0 Dodging


You had one spell level left.
You didn't know any spells.

Dungeon Overview and Level Annotations

Branches:
Dungeon (1/1)

Altars:
Cheibriados
Kikubaaqudgha
Okawaru
Trog
Vehumet
The Shining One
Jiyva
Lugonu

Shops:
D *[%?

Annotations:
D Jessica


Innate Abilities, Weirdness & Mutations

You are partially covered in sharp spines.


Message History

You start resting. 50...
You start resting. 20...
You feel very buoyant.
You fly up into the air.
You feel somewhat more hungry.
Unknown command.
An ogre comes into view. It is wielding a giant spiked club.
The ogre shouts!
Jessica the Apprentice Sorceress comes into view.
She is wielding an enchanted club.
Jessica shouts!
Jessica casts a spell.
Jessica blinks! 15...
The ogre barely misses you.
You slash the ogre!
The ogre is moderately wounded.
The ogre hits you with a giant spiked club!!
Ouch! That really hurt!
You die...

###.........###
#⌠........ ..⌠#
######.8...... ..8.#
##∩___......# .....
###∩.†......8.# .8...
##.............###.....
#⌠..........###...#
#⌠..........# #.<.#
#⌠........@O###...#
##.............###.....
###∩........8.# .8...
##∩__.......# .....
######.8@.... ..8.#
#⌠........ ..⌠#
###.........###
#_....... #_.......


You could see an ogre and Jessica.

Vanquished Creatures
  A worker ant (D)
  A hobgoblin (D)
2 creatures vanquished.

Notes
Turn   | Place    | Note
-------+----------+-------------------------------------------
     0 | D        | diana the Demonspawn Gladiator began the quest for the Orb.
     0 | D        | Reached XP level 1. HP: 16/16 MP: 1/1
     0 | D        | Found a corrupted altar of Lugonu.
     0 | D        | Found an ancient bone altar of Kikubaaqudgha.
     1 | D        | Found a bloodstained altar of Trog.
     2 | D        | Found a glowing golden altar of the Shining One.
     2 | D        | Found a snail-covered altar of Cheibriados.
     3 | D        | Found Reogra's Delicious Food.
     3 | D        | Found a viscous altar of Jiyva.
     3 | D        | Found Cass's Identification Station.
     4 | D        | Found Ihauv's Jewellery.
     4 | D        | Found Jutyuklon's Advanced Armour.
     5 | D        | Round 1.
     7 | D        | Found a radiant altar of Vehumet.
    24 | D        | Found an iron altar of Okawaru.
    27 | D        | Noticed a worker ant
    35 | D        | Killed a worker ant
    35 | D        | Gained mutation: You are partially covered in sharp spines. [demonic ancestry]
    35 | D        | Reached XP level 2. HP: 4/23 MP: 2/2
    52 | D        | Bought a slimy crystal amulet for 45 gold pieces
    52 | D        | Bought a warped bronze ring for 45 gold pieces
    52 | D        | Bought a twitching turquoise ring for 45 gold pieces
    52 | D        | Identified the amulet of Mataenky {Harm *Drain rC++ Dex+4} (You bought it in a shop in the Dungeon)
    53 | D        | Identified the ring "Wifacy" {Ice Str+4 Dex+2} (You bought it in a shop in the Dungeon)
    54 | D        | Identified the ring of the Dragon {+Fly rN+} (You bought it in a shop in the Dungeon)
    99 | D        | Noticed an ogre
   100 | D        | Noticed Jessica
   103 | D        | Mangled by an ogre

Skill      XL: |  1 |
---------------+----+-----
Long Blades    | 4 |  4.4
Throwing       | 2 |  2.3
Dodging        | 4 |  4.0
Fighting       | |  2.6
Armour         | |  0.4

Action                   || total
-------------------------++-------
Melee: Long sword        ||    10
 Abil: Evoke Flight      ||     1
  Use: Potion            ||     1
Armor: Leather armour    ||     2
Dodge: Dodged            ||     7
       Rpst.: Long sword ||     3
